 Dungeon Crawl Stone Soup version 0.31-a0-1522-g43313d8a59 (webtiles) character file.

Game seed: 12852939984065259318

2377 pokeman the Thaumaturge (level 9, 0/50 HPs)
             Began as a Deep Elf Hedge Wizard on Dec 31, 2023.
             Slain by Joseph
             ... wielding a +0 quarterstaff
              (14 damage)
             ... on level 8 of the Dungeon.
             The game lasted 00:14:59 (5580 turns).

pokeman the Thaumaturge (Deep Elf Hedge Wizard)     Turns: 5580, Time: 00:14:59

Health: 0/50       AC:  9    Str:  7    XL:     9   Next: 21%
Magic:  22/26      EV: 12    Int: 24    God:
Gold:   201        SH:  0    Dex: 14    Spells: 23/31 levels left

rFire   + . .        m - +8 short sword of Ru, Writhing {holy, rElec rF+}
rCold   . . .        (no shield)
rNeg    . . .        x - +2 leather armour "Yvuiridoa" {+Inv rPois}
rPois   +            e - +0 helmet
rElec   +            (no cloak)
rCorr   .            k - +2 pair of gloves {Stlth+}
SInv    .            (no boots)
Will    .....        (no amulet)
Stlth   +++          (no ring)
HPRegen 0.28/turn    (no ring)
MPRegen 0.20/turn

%: no passive effects
@: no status effects
A: no striking features
a: Evoke Invisibility


You were on level 8 of the Dungeon.
You visited 1 branch of the dungeon, and saw 6 of its levels.
You also visited: Sewer, Ossuary and Bailey.

You collected 318 gold pieces.
You spent 117 gold pieces at shops.

Inventory:

Hand Weapons
 m - the +8 short sword of Ru, Writhing (weapon) {holy, rElec rF+}
   (You found it on level 2 of the Dungeon)

   rF+:       It protects you from fire.
   rElec:     It insulates you from electricity.
Missiles
 o - 2 throwing nets
Armour
 b - the +1 pair of gloves of Eqoru {Harm rPois Str+8 Int-3}
   (You found it on level 5 of the Dungeon)

   Str+8:     It affects your strength (+8).
   Int-3:     It affects your intelligence (-3).
   rPois:     It protects you from poison Harm: It increases damage dealt and
   taken.
 e - a +0 helmet (worn)
 k - a +2 pair of gloves of stealth (worn)
 x - the +2 leather armour "Yvuiridoa" (worn) {+Inv rPois}
   (You found it on level 4 of the Dungeon)

   rPois:     It protects you from poison +Inv: It lets you turn invisible.
 B - a +4 ring mail of cold resistance
Magical Staves
 z - a staff of earth
Jewellery
 q - an amulet of guardian spirit
Wands
 a - a wand of flame (11)
Scrolls
 c - 4 scrolls of identify {unknown}
 f - a scroll of blinking {unknown}
 g - a scroll of torment {unknown}
 h - 3 scrolls of teleportation {unknown}
 l - a scroll of fear {unknown}
 p - 2 scrolls of fog {unknown}
 r - 3 scrolls of enchant weapon {unknown}
 t - a scroll of noise {unknown}
 w - a scroll of butterflies {unknown}
 y - a scroll of amnesia {unknown}
Potions
 d - a potion of magic
 i - 2 potions of heal wounds {unknown}
 j - a potion of brilliance {unknown}
 n - 4 potions of ambrosia {unknown}
 s - 7 potions of curing
 u - 3 potions of might {unknown}
 v - 2 potions of invisibility {unknown}
 A - 2 potions of haste {unknown}


   Skills:
 + Level 3.0 Fighting
 - Level 3.4 Armour
 - Level 3.0 Dodging
 - Level 3.1 Stealth
 * Level 11.8 Spellcasting
 + Level 6.5 Conjurations
 - Level 1.1 Summonings
 - Level 1.1 Translocations
 - Level 1.0 Air Magic
 + Level 0.4 Earth Magic
 - Level 1.0 Alchemy
 - Level 1.2 Evocations


You had 23 spell levels left.
You knew the following spells:

 Your Spells              Type           Power      Damage    Failure   Level
a - Magic Dart            Conj           100%       1d8       1%          1
b - Mephitic Cloud        Conj/Alch/Air  28%        N/A       6%          3
c - Call Imp              Summ           38%        N/A       6%          2
d - Blink                 Tloc           38%        N/A       6%          2

Your spell library contained the following spells:

 Spells                   Type           Power      Damage    Failure   Level
 Sting                    Conj/Alch      100%       1d9       1%          1
 Apportation              Tloc           38%        N/A       4%          1
 Summon Small Mammal      Summ           76%        N/A       4%          1
 Necrotise                Necr           56%        1d6       6%          1
 Slow                     Hex            56%        N/A       6%          1
 Cigotuvi's Dreadful Rot  Necr/Alch/Air  34%        N/A       8%          2


Dungeon Overview and Level Annotations

Branches:
Dungeon (5/15)              Sewer (visited)         Ossuary (visited)
 Bailey (visited)
 Temple: D:4-7

Altars:
Fedhas
Xom
Yredelemnul

Shops:
D:2 :   D:3 !

Annotations:
D:8 Joseph


Message History

Joseph, a Mercenary comes into view.
He is wielding a +0 quarterstaff.
Joseph unwields a +0 quarterstaff.
Joseph wields a +0 sling.
Joseph shoots a sling bullet.
The sling bullet hits you!
Joseph shoots a sling bullet.
The sling bullet hits you!
You start resting.
Joseph is nearby!
Casting: Mephitic Cloud (dangerous; 6% risk of failure)
Confirm with . or Enter, or press ? or * to list all spells.
Aiming: Mephitic Cloud (dangerous; 6% risk of failure)
Press: ? - help, Shift-Dir - straight line, f - Joseph
Aim: Joseph, wielding a +0 sling and wearing a +0 ring mail (chance to affect: 72%)
The ball explodes into a vile cloud!
The stinking cloud engulfs Joseph.
Joseph is engulfed in noxious fumes.
Joseph appears confused.
Unknown command.
Joseph is engulfed in noxious fumes.
Joseph appears confused.
Casting: Mephitic Cloud (dangerous; 6% risk of failure)
Confirm with . or Enter, or press ? or * to list all spells.
A tiny devil pulls itself out of the air.
Unknown command.
You hit Joseph.
Joseph is lightly wounded.
Joseph is engulfed in noxious fumes.
Joseph appears confused.
Joseph howls, "My nostrils!"
Unknown command.
You puncture Joseph!
Joseph is lightly wounded.
Your cerulean imp hits Joseph but does no damage.
Joseph unwields a +0 sling.
Joseph wields a +0 quarterstaff.
Joseph hits you with a +0 quarterstaff!
* * * LOW HITPOINT WARNING * * *
Unknown command.
You hit Joseph.
Joseph is moderately wounded.
Your cerulean imp hits Joseph but does no damage.
You catch the helpless Joseph completely off-guard!
You hit Joseph.
Joseph is moderately wounded.
Your cerulean imp hits Joseph from afar with a -3 spear.
Joseph hits you with a +0 quarterstaff!
You die...

# #.....# #
#.....# # #.....#
# ###.....#### #
#..........# #
#..........#
#..........#
+..........# ..
#.......5@@# ...
.....#+##+#.○...#
... ..... .....#
... ..... .....#
... .. .....# ...
.....# ... .....#
... .....# ###


You could see Joseph (confused, ally target) and a friendly cerulean imp
(summoned).

Vanquished Creatures
  A deep elf zephyrmancer (Bailey)
  An orc knight (Bailey)
  A human (D:4)
  3 orc warriors (Bailey)
  Pargi (Sewer)
  A sky beast (D:8)
  4 elf zombies (Ossuary)
  2 scorpions
  2 orc priests (D:3)
  A centaur zombie (Ossuary)
  A human zombie (Ossuary)
  Jessica (D:2)
  An iguana (D:5)
  An orc wizard (D:5)
  5 hound zombies (Ossuary)
  2 mummies (Ossuary)
  Robin (D:3)
  4 adders
  4 gnolls (D:2)
  A ribbon worm zombie (D:4)
  7 adder zombies (Ossuary)
  A dart slug (D:4)
  2 ribbon worms
  16 orcs
  4 ball pythons
  2 bats
  2 endoplasms (D:3)
  6 giant cockroaches
  10 goblins
  9 hobgoblins
  14 jackals
  8 kobolds
  5 quokkas
  4 gnoll zombies (Ossuary)
  2 jackal skeletons (D:4)
  6 jackal zombies (Ossuary)
  3 kobold zombies (Ossuary)
  6 orc zombies (Ossuary)
  8 rats
153 creatures vanquished.

Vanquished Creatures (collateral kills)
  A sleepcap (D:5)
  2 butterflies (D:5)
3 creatures vanquished.

Grand Total: 156 creatures vanquished

Notes
Turn   | Place    | Note
-------+----------+-------------------------------------------
     0 | D:1      | pokeman the Deep Elf Hedge Wizard began the quest for the
                  | Orb.
     0 | D:1      | Reached XP level 1. HP: 10/10 MP: 7/7
   127 | D:1      | Reached XP level 2. HP: 4/16 MP: 0/9
   761 | D:1      | Reached skill level 5 in Spellcasting
  1184 | D:2      | Reached XP level 3. HP: 20/20 MP: 6/11
  1188 | D:2      | Learned a level 3 spell: Mephitic Cloud
  1191 | D:2      | Learned a level 2 spell: Call Imp
  1194 | D:2      | Learned a level 2 spell: Blink
  1317 | D:2      | Reached skill level 1 in Fighting
  1400 | D:2      | Reached skill level 1 in Armour
  1420 | D:2      | Reached XP level 4. HP: 25/25 MP: 1/13
  1630 | D:2      | Identified the +8 short sword of Ru, Writhing {holy, rElec
                  | rF+}
  1655 | D:2      | Noticed Jessica
  1679 | D:2      | Killed Jessica
  1946 | D:2      | Found Weikka's Book Shoppe.
  2291 | D:2      | Reached skill level 6 in Spellcasting
  2291 | D:2      | Reached XP level 5. HP: 29/29 MP: 9/15
  2531 | D:3      | Reached skill level 1 in Alchemy
  2659 | D:3      | Found Onush's Distillery.
  2674 | D:3      | Bought 2 potions of curing for 78 gold pieces
  2674 | D:3      | Bought a potion of curing for 39 gold pieces
  2797 | D:3      | Noticed Robin
  2823 | D:3      | Killed Robin
  3058 | D:3      | Found a faded altar of an unknown god.
  3300 | D:4      | Found a sand-covered staircase.
  3311 | Ossuary  | Entered an ossuary
  3331 | Ossuary  | Reached skill level 1 in Evocations
  3331 | Ossuary  | Reached XP level 6. HP: 30/34 MP: 17/17
  3332 | Ossuary  | Reached skill level 1 in Air Magic
  3352 | Ossuary  | Reached skill level 7 in Spellcasting
  3496 | Ossuary  | Reached XP level 7. HP: 38/39 MP: 20/20
  3540 | Ossuary  | Reached skill level 8 in Spellcasting
  3806 | D:4      | Found a runed translucent door.
  3806 | D:4      | Noticed a human
  3813 | D:4      | Found a basalt altar of Yredelemnul.
  3860 | D:4      | Killed a human
  4227 | D:4      | Identified the +2 leather armour "Yvuiridoa" {+Inv rPois}
  4315 | D:4      | Reached skill level 9 in Spellcasting
  4388 | D:5      | Entered Level 5 of the Dungeon
  4446 | D:5      | Found a blossoming altar of Fedhas.
  4550 | D:5      | Reached XP level 8. HP: 41/44 MP: 20/23
  4564 | D:5      | Found a shimmering altar of Xom.
  4584 | D:5      | Identified the +1 pair of gloves of Eqoru {Harm rPois Str+8
                  | Int-3}
  4604 | D:5      | Found a glowing drain.
  4610 | Sewer    | Entered a sewer
  4698 | Sewer    | Noticed Pargi
  4711 | Sewer    | Killed Pargi
  4712 | Sewer    | Reached skill level 5 in Conjurations
  5000 | D:5      | You fall into a shaft and drop 3 floors!
  5020 | D:8      | Found a flagged portal.
  5028 | Bailey   | Entered a bailey
  5124 | Bailey   | Noticed an orc knight
  5138 | Bailey   | Killed an orc knight
  5139 | Bailey   | Reached skill level 10 in Spellcasting
  5257 | Bailey   | Reached skill level 11 in Spellcasting
  5352 | Bailey   | Found a large runed translucent door.
  5352 | Bailey   | Found a large runed translucent door.
  5353 | Bailey   | Noticed a deep elf zephyrmancer
  5398 | Bailey   | Killed a deep elf zephyrmancer
  5399 | Bailey   | Reached XP level 9. HP: 47/49 MP: 16/26
  5413 | Bailey   | Identified the +6 plate armour of Goxauhok {Str+2}
  5489 | D:8      | Noticed an orange demon
  5567 | D:8      | Noticed Joseph
  5580 | D:8      | Slain by Joseph

Illustrated notes

Levels and vault maps discovered:
D:1:      matt_arrival_debris, layout_loops_ring, minmay_octomino_j4
D:2:      layout_basic, serial_shops, shop, uniq_jessica
D:3:      layout_loops_ring, shapermc_ecumenical_altar_mp_vishouse,
          serial_shops, shop, uniq_robin
D:4:      layout_loops_ring, dk_yredelemnul_ordeal, enter_ossuary_3
D:5:      layout_rooms, fedhas_ov_isle_minmay, xom_butterflies,
          gup_sewer_entry_pipe, blue_anna_alchemist, nicolae_zig_zag_zippers
D:8:      layout_gridville, nicolae_qazlal_beasts_of_the_sky,
          evilmike_ruin_ashenzari, enter_bailey_2, uniq_jeremiah, uniq_joseph,
          uniq_maurice, uniq_psyche, uniq_amaemon

Skill      XL: |  1  2  3  4  5  6  7  8  9 |
---------------+----------------------------+-----
Spellcasting   | 5 6 7 9 11 | 11.8
Fighting       | 1 2 3 |  3.0
Armour         | 1 2 3 |  3.4
Conjurations   | 2 3 4 6 |  6.5
Dodging        | 3 |  3.0
Stealth        | 3 |  3.1
Alchemy        | 1 |  1.0
Evocations     | 1 |  1.2
Air Magic      | 1 |  1.0
Summonings     | |  1.1
Translocations | |  1.1
Earth Magic    | |  0.4

Action                     |  1- 3 |  4- 6 |  7- 9 || total
---------------------------+-------+-------+-------++-------
  Melee: Dagger            |    15 |       |       ||    15
         Short sword       |       |   101 |    96 ||   197
         Punch             |       |       |     1 ||     1
   Cast: Magic Dart        |    69 |    86 |    96 ||   251
         Mephitic Cloud    |     2 |     3 |    18 ||    23
         Call Imp          |       |     2 |     3 ||     5
   Stab: Sleeping          |     2 |     4 |       ||     6
         Confused          |       |     1 |    12 ||    13
         Distracted        |       |       |     1 ||     1
 Armour: Robe              |    10 |    56 |    18 ||    84
         Leather armour    |       |       |    37 ||    37
  Dodge: Dodged            |     9 |    81 |    44 ||   134

Table legend: (Time is in decaauts)
 A = Elapsed time spent in this place.
 B = Non-inter-level travel time spent in this place.
 C = Inter-level travel time spent in this place.
 D = Time resting spent in this place.
 E = Time spent auto-exploring this place.
 F = Levels seen in this place.
 G = Mean time per level.
                   A        B        C        D        E       F      G
               +--------+--------+--------+--------+--------+-----+--------+
         Total |   5592 |   5554 |     38 |    177 |   3903 |   9 |  621.3 |
       Dungeon |   4539 |   4501 |     38 |    132 |   3372 |   6 |  756.5 |
         Sewer |    227 |    227 |      0 |      0 |    180 |   1 |  227.0 |
       Ossuary |    370 |    370 |      0 |      0 |    158 |   1 |  370.0 |
        Bailey |    455 |    455 |      0 |     45 |    192 |   1 |  455.0 |
               +--------+--------+--------+--------+--------+-----+--------+

Top non-repeatable levels by time:
     D:2: 1209 daAuts
     D:1: 1152 daAuts
     D:4: 838 daAuts
     D:3: 815 daAuts
  Bailey: 455 daAuts
     D:5: 400 daAuts
 Ossuary: 370 daAuts
   Sewer: 227 daAuts
     D:8: 123 daAuts
